[Event "Late-Titled-Tuesday-Blitz-May-14-2024"]
[Site "Chess.com"]
[Date "2024.05.14"]
[Round "3"]
[White "Naruto-K"]
[Black "FLamps8"]
[Result "0-1"]
[WhiteElo "2472"]
[BlackElo "2675"]
[TimeControl "180+1"]
[EndTime "14:29:29 PDT"]
[Termination "FLamps8 won on time"]

1. Nf3 d5 2. g3 Nc6 3. c4 d4 4. Bg2 e5 5. d3 Bb4+ 6. Nbd2 a5 7. O-O Nf6 8. Ne4 Nxe4 9. dxe4 O-O 10. a3 Be7 11.
Ne1 Be6 12. Qc2 a4 13. Bd2 Na5 14. Bxa5 Rxa5 15. Nd3 f6 16. f4 Qd7 17. Rac1 Rfa8 18. Qd2 b6 19. Rf2 Bd6 20. Qd1 c5 21. fxe5 fxe5 22. Qf1 b5 23. cxb5 c4 24. Ne1 Rxb5 25.
Nf3 Rxb2 26. Ng5 c3 27. Nxe6 Qxe6 28. Bh3 Qe7 29. Rf5 Bxa3 30. Qf3 Rbb8 31. Rf1 Rf8 32. Qd3 Rxf5 33. exf5 Qc5 34. f6 Rf8 35. Be6+ Kh8 36. fxg7+ Kxg7 37. Rb1 Qc7 38. Bd5 c2 39. Rb7 c1=Q+ 0-1

[Event "Late-Titled-Tuesday-Blitz-May-14-2024"]
[Site "Chess.com"]
[Date "2024.05.14"]
[Round "3"]
[White "balack95"]
[Black "crosky"]
[Result "1-0"]
[WhiteElo "2509"]
[BlackElo "2285"]
[TimeControl "180+1"]
[EndTime "14:29:29 PDT"]
[Termination "balack95 won on time"]

1. b3 e5 2. Bb2 Nc6 3. e3 Nf6 4. Bb5 d5 5. Bxe5 Bd6 6. Bxd6 Qxd6 7. Nf3 O-O 8. O-O Bg4 9. Be2 Ne7 10. d4 Ng6 11. c4 c6 12. Nc3 h5 13. Rc1 h4 14. h3 Bf5 15. cxd5 cxd5 16. Bd3 Ne4 17. Nb5 Qf6 18. Nc7 Rad8 19. Bxe4 Bxe4 20. Nd2 Bd3 21.
Re1 Qg5 22. Nf3 Qf5 23. Rc3 Be4 24. Nb5 a6 25. Na3 Rd6 26. Nb1 Rf6 27. Nbd2 Ne7 28.
Qe2 g5 29. Nxe4 dxe4 30. Nh2 Nd5 31. Rc5 Qe6 32. Ng4 Rg6 33. Rec1 Nb4 34. Ne5 Rg7 35.
a3 f6 36. Ng4 Nd3 37. Qc2 Nxc1 38. Qxc1 Qxb3 39. Nh6+ Kh7 40. Nf5 Rd7 41. Rc3 Qe6 42.
g4 hxg3 43. Nxg3 Kg6 44. Qc2 f5 45. h4 gxh4 46. Ne2 Rg8 47. Nf4+ Kf7+ 48. Kf1 Qf6 49. Qb3+ Kf8 50. Rc8+ Rd8 51. Rxd8+ Qxd8 52. Ne6+ 1-0

[Event "Late-Titled-Tuesday-Blitz-May-14-2024"]
[Site "Chess.com"]
[Date "2024.05.14"]
[Round "3"]
[White "OriTaichman"]
[Black "super_emi_26"]
[Result "1-0"]
[WhiteElo "2645"]
[BlackElo "2863"]
[TimeControl "180+1"]
[EndTime "14:29:30 PDT"]
[Termination "OriTaichman won by checkmate"]

1. e4 g6 2. h4 Bg7 3. h5 d5 4. exd5 Qxd5 5. Nc3 Qd6 6. Bc4 Nc6 7. d3 Be6 8. Ne4 Qe5 9. Nf3 Qf5 10. Ng3 Qf6 11. Ne4 Qf5 12. Ng3 Qf6 13. h6 Bf8 14.
Bg5 Qxb2 15. Rb1 Qc3+ 16. Bd2 Qf6 17. Ne4 Qf5 18. Rb5 Qg4 19. Rg5 Qxg5 20. Nfxg5 Bxc4 21. dxc4 Bxh6 22. Nxf7 Bxd2+ 23. Qxd2 Kxf7 24. Ng5+ Ke8 25.
Nxh7 Rd8 26. Qe3 Rd6 27. Nf6+ Nxf6 28. Rxh8+ Kf7 29. Qb3 Re6+ 30. Kf1 Ne4 31. Qxb7 Nd2+ 32. Kg1 Nxc4 33. Qa8 Kf6 34. Qf8+ Ke5 35. Rh3 Rd6 36.
Qg7+ Kd5 37. Rd3+ Kc5 38. Rxd6 cxd6 39. Qxg6 e5 40. g4 Nd4 41. g5 Nd2 42. Kh1 Kd5 43.
c3 N4f3 44. Qf7+ Ke4 45. g6 Ng5 46. Qb7+ Kf5 47. g7 Nde4 48. Qxe4+ Kxe4 49. g8=Q Nf3 50. Qa8+ Kf4 51. Qxa7 d5 52. Qf7+ Ke4 53. a4 d4 54.
cxd4 exd4 55. a5 d3 56. Qc4+ Nd4 57. Qc3 Nf3 58. a6 d2 59. Qc2+ Kf4 60. a7 Nd4 61. Qxd2+ Kf3 62. Qxd4 Ke2 63. Qe3+ Kf1 64. Qd3+ Ke1 65. a8=Q Kxf2 66. Qaf3+ Ke1 67. Qde2# 1-0

[Event "Late-Titled-Tuesday-Blitz-May-14-2024"]
[Site "Chess.com"]
[Date "2024.05.14"]
[Round "3"]
[White "Leebit02"]
[Black "sergiochess83"]
[Result "1-0"]
[WhiteElo "2586"]
[BlackElo "2846"]
[TimeControl "180+1"]
[EndTime "14:29:30 PDT"]
[Termination "Leebit02 won by resignation"]

1. d4 Nf6 2. c4 e6 3. Nf3 d5 4. g3 dxc4 5. Bg2 Nbd7 6. O-O c6 7. a4 b6 8. Nfd2 Ba6 9. Bxc6 Rc8 10. Bb5 Bb7 11.
Nc3 h5 12. e4 h4 13. Qe2 hxg3 14. fxg3 Bb4 15. e5 Nd5 16. Nde4 a6 17. Nxd5 Bxd5 18. Bxa6 Rc7 19. Bb5 Qa8 20. Nd6+ Bxd6 21. exd6 Rc6 22. Bf4 O-O 23. Be5 f6 24. Bf4 Rfc8 25.
Rfe1 Qb7 26. Qg4 Nf8 27. Ra3 Rd8 28. Rae3 Rcxd6 29. Bxd6 Rxd6 30. Qe2 Rc6 31. Rc3 Rc8 32. Bxc4 Rd8 33. Bb5 Ng6 34. Rec1 Qb8 35. Bc6 Ne7 36.
Bxd5 Nxd5 37. Qxe6+ Kh7 38. Rc8 Rxc8 39. Rxc8 Qb7 40. Qf5+ g6 41. Qh3+ 1-0

[Event "Late-Titled-Tuesday-Blitz-May-14-2024"]
[Site "Chess.com"]
[Date "2024.05.14"]
[Round "3"]
[White "ClayK1ng"]
[Black "rychessmaster1"]
[Result "1/2-1/2"]
[WhiteElo "2406"]
[BlackElo "2746"]
[TimeControl "180+1"]
[EndTime "14:29:30 PDT"]
[Termination "Game drawn by repetition"]

1. e4 e5 2. Nf3 Nf6 3. Nc3 Nc6 4. h3 Bb4 5. d3 O-O 6. Be2 h6 7. O-O Re8 8. Nd5 Bc5 9. Be3 d6 10. c3 Be6 11. b4 Bb6 12. Nxb6 axb6 13. b5 Na5 14. c4 Nd7 15. Nd2 f5 16. exf5 Bxf5 17. Ne4 Rf8 18. Bg4 Qe7 19. Ng3 Bg6 20. Bh5 Qe6 21. Bxg6 Qxg6 22. Qg4 Qxg4 23. hxg4 Kh7 24. Nf5 h5 25. f3 hxg4 26. fxg4 Nf6 27. Ne7 Nxg4 28.
Bd2 g6 29. Nd5 Rac8 30. Rxf8 Rxf8 31. Rf1 Rxf1+ 32. Kxf1 e4 33. Bxa5 bxa5 34. dxe4 Ne5 35. Nxc7 Nxc4 36. Ke2 Kg7 37. Nd5 Kf7 38. Kd3 Ne5+ 39.
Kd4 Ng4 40. Nf4 g5 41. Nd3 Ke6 42. Nb2 Ne5 43. g3 g4 44. Nc4 Nxc4 45. Kxc4 Ke5 46. Kd3 d5 47. exd5 Kxd5 48. Ke3 Ke5 49. Kd3 Kd5 50.
Ke3 Ke5 51. Kd3 Kd5 1/2-1/2

[Event "Late-Titled-Tuesday-Blitz-May-14-2024"]
[Site "Chess.com"]
[Date "2024.05.14"]
[Round "3"]
[White "disciplinedbrat"]
[Black "ChEsper99"]
[Result "1-0"]
[WhiteElo "2462"]
[BlackElo "2246"]
[TimeControl "180+1"]
[EndTime "14:29:30 PDT"]
[Termination "disciplinedbrat won by resignation"]

1. a3 a6 2. b3 b6 3. Bb2 Bb7 4. Nf3 Nf6 5. g3 g6 6. Bg2 Bg7 7. O-O O-O 8. d3 d6 9. c4 c5 10. Nbd2 Nbd7 11. Rc1 Rc8 12. Qc2 Qc7 13. Qb1 Qb8 14. Qa1 Qa8 15. d4 cxd4 16. Bxd4 Ne8 17. Rfe1 Bxd4 18. Qxd4 Nef6 19. b4 a5 20. e4 axb4 21.
axb4 Qa3 22. Rb1 Bc6 23. Re3 Qa8 24. Ra1 Qb8 25. Rea3 Ne5 26. Ra6 Nxf3+ 27. Bxf3 b5 28. Qb2 bxc4 29. Rxc6 Rxc6 30. e5 c3 31. Qc2 cxd2 32.
Bxc6 dxe5 33. Qxd2 Rd8 34. Qc3 Nd5 35. Qc4 Nb6 36. Qc5 Qc7 37. b5 Nc8 38. Ra6 Qd6 39. Qxd6 Nxd6 40. b6 Kg7 41. Ra8 Rxa8 42. Bxa8 f5 43.
b7 Nxb7 44. Bxb7 Kf6 45. Kf1 e4 46. Ke2 e5 47. Ke3 h5 48. h4 g5 49. Bc6 gxh4 50. gxh4 Ke6 51. Be8 Kd5 52. Bxh5 f4+ 53. Ke2 Kd4 54.
Bf7 f3+ 55. Ke1 e3 56. h5 exf2+ 57. Kxf2 e4 58. h6 Ke5 59. h7 Kf4 60. h8=Q e3+ 61.
Ke1 1-0

[Event "Late-Titled-Tuesday-Blitz-May-14-2024"]
[Site "Chess.com"]
[Date "2024.05.14"]
[Round "3"]
[White "lluiss"]
[Black "A4RookA3"]
[Result "0-1"]
[WhiteElo "2201"]
[BlackElo "2419"]
[TimeControl "180+1"]
[EndTime "14:29:30 PDT"]
[Termination "A4RookA3 won on time"]

1. e4 c5 2. Nf3 Nc6 3. d4 cxd4 4.
Nxd4 g6 5. c4 Bg7 6. Be3 Qb6 7.
Nb5 Qa5+ 8. N1c3 a6 9. Nd4 Nf6 10. f3 O-O 11. Qd2 e6 12. Be2 Rd8 13. O-O d5 14. cxd5 exd5 15. Nxc6 bxc6 16. Rfd1 d4 17. Bxd4 Nxe4 18. Bb6 Rxd2 19. Bxa5 Bxc3 20. Bxc3 Rxd1+ 21. Rxd1 Nxc3 22. Rd8+ Kg7 23. bxc3 a5 24. Bc4 Rb8 25. Bf1 Kf6 26. h3 Ke7 27. Rh8 h5 28. Kh2 Ra8 29.
Bc4 Bb7 30. Rh7 Rf8 31. f4 Bc8 32. Kg3 Be6 33. Bxe6 Kxe6 34. Kf3 Rb8 35. Rh8 Rxh8 0-1

[Event "Late-Titled-Tuesday-Blitz-May-14-2024"]
[Site "Chess.com"]
[Date "2024.05.14"]
[Round "3"]
[White "OK97"]
[Black "xasid81"]
[Result "1-0"]
[WhiteElo "2889"]
[BlackElo "2629"]
[TimeControl "180+1"]
[EndTime "14:29:31 PDT"]
[Termination "OK97 won by resignation"]

1. Nf3 d5 2. g3 Nf6 3. Bg2 c6 4. O-O h6 5. c4 e6 6. d4 Nbd7 7. Qc2 Be7 8. Nbd2 O-O 9. e4 dxe4 10. Nxe4 Nxe4 11. Qxe4 Nf6 12. Qe2 Qc7 13. Bf4 Bd6 14. Ne5 Nd7 15. Rad1 Nxe5 16. dxe5 Be7 17. Qg4 Kh8 18.
h4 Bd7 19. Rd3 Rad8 20. Rfd1 c5 21. h5 Bc6 22. Bxc6 Qxc6 23. b3 Rxd3 24. Rxd3 Rd8 25.
Rxd8+ Bxd8 26. Qd1 Bc7 27. Qd3 Kg8 28. a4 Qe8 29.
Qe4 Qc8 30. Kg2 Bd8 31. Kf3 Qd7 32. Ke2 Be7 33. Be3 Bg5 34. Bxg5 hxg5 35. Qe3 Qe7 36. g4 Kh7 37. Qd3+ Kh6 38. Qd6 Qe8 39. Qxc5 b6 40.
Qd6 Qa8 41. f3 g6 42. Qe7 gxh5 43. Qf6+ Kh7 44. Qxf7+ Kh8 45. Qxh5+ Kg7 46. Qxg5+ Kh7 47. Qe7+ Kh8 48. Qf6+ Kh7 49. Qxe6 Qb7 50. Qf5+ Kg8 51. e6 Qc6 52. Qd5 Qe8 53. e7+ Kg7 54. Qd8 1-0

[Event "Late-Titled-Tuesday-Blitz-May-14-2024"]
[Site "Chess.com"]
[Date "2024.05.14"]
[Round "3"]
[White "ZachHKL"]
[Black "HandKnit"]
[Result "1-0"]
[WhiteElo "2321"]
[BlackElo "2493"]
[TimeControl "180+1"]
[EndTime "14:29:31 PDT"]
[Termination "ZachHKL won by resignation"]

1. c4 Nf6 2. g3 e6 3. Bg2 d5 4. Nf3 dxc4 5. O-O Be7 6. Na3 c3 7. bxc3 O-O 8. Nc2 Nbd7 9. Rb1 Nb6 10. d3 Bd7 11. Be3 Ba4 12. Qd2 Rb8 13. h3 c5 14.
Rfc1 Bc6 15. c4 Qc7 16. Qa5 Nfd7 17. Na3 a6 18. Bf4 Bd6 19. Bxd6 Qxd6 20. Rxb6 Nxb6 21.
Qxb6 Rfd8 22. Nc2 h6 23. Ne3 f5 24. Qb2 f4 25. gxf4 Qxf4 26. Qe5 Qxe5 27. Nxe5 Bxg2 28.
Kxg2 Kf8 29. Kf3 Ke7 30. Rg1 g5 31. h4 Rf8+ 32. Kg2 Rg8 33. h5 Rg7 34. N3g4 Kd6 35. Kf3 b5 36. Ke3 b4 37. Kd2 a5 38. Kc2 a4 39. Rb1 Rf8 40. f3 Rf5 41. Ng6 Rff7 42. Rh1 Rb7 43. Nxh6 b3+ 44. axb3 axb3+ 45. Kb2 Rb4 46.
Ng4 Ra7 47. Ra1 Rxa1 48. Kxa1 b2+ 49. Kb1 1-0

[Event "Late-Titled-Tuesday-Blitz-May-14-2024"]
[Site "Chess.com"]
[Date "2024.05.14"]
[Round "3"]
[White "yobdc"]
[Black "GMthekingindian"]
[Result "1-0"]
[WhiteElo "2486"]
[BlackElo "2294"]
[TimeControl "180+1"]
[EndTime "14:29:31 PDT"]
[Termination "yobdc won on time"]

1. e4 c5 2. Nf3 e6 3. g3 Nc6 4. Bg2 Nf6 5. Qe2 d5 6. exd5 Nxd5 7. O-O Be7 8. Rd1 Bf6 9. Nc3 Nxc3 10. dxc3 Qb6 11.
Nd2 O-O 12. Ne4 Be7 13. a4 e5 14. Be3 a5 15. Qb5 Qc7 16. Bxc5 Bg4 17. Bxe7 Qxe7 18.
Rd2 Rfd8 19. h3 Bf5 20. Rad1 h6 21. Kh2 Rxd2 22. Rxd2 Rb8 23. Nc5 Qc7 24. Ne4 Bd7 25. Qc5 Be6 26. b3 Rc8 27. Nd6 Rd8 28. Nb5 Qc8 29.
Rd6 Rxd6 30. Qxd6 g6 31. Nc7 Bf5 32. Nd5 Qe6 33. Qxe6 Bxe6 34. Nc7 Bf5 35. Bxc6 bxc6 36. b4 axb4 37. cxb4 Bxc2 38. a5 Bd3 39. a6 c5 40.
a7 Be4 41. bxc5 Bc6 42. a8=Q+ 1-0

[Event "Late-Titled-Tuesday-Blitz-May-14-2024"]
[Site "Chess.com"]
[Date "2024.05.14"]
[Round "3"]
[White "m_ezat"]
[Black "Boninknights"]
[Result "1-0"]
[WhiteElo "2611"]
[BlackElo "2386"]
[TimeControl "180+1"]
[EndTime "14:29:32 PDT"]
[Termination "m_ezat won by checkmate"]

1. d4 Nf6 2. c4 e6 3. Nc3 Bb4 4. Bg5 h6 5. Bh4 c5 6. d5 b5 7.
Qc2 bxc4 8. e4 Qa5 9. Bxf6 gxf6 10. Bxc4 Bxc3+ 11. bxc3 Ba6 12. Bxa6 Nxa6 13. Ne2 Rb8 14. O-O Qa3 15. Rab1 Ke7 16. Qd2 d6 17. Nf4 Rxb1 18. Rxb1 Rb8 19. Rd1 Rb2 20. Qd3 c4 21. Qh3 e5 22.
Nh5 Qxa2 23. Qf3 Rb1 24. h3 Rxd1+ 25. Qxd1 Nc5 26. Qf3 Qb1+ 27. Kh2 Nxe4 28. Qf5 a5 29. Nxf6 Nxc3 30. Ng8+ Kf8 31. Qc8+ Kg7 32. Ne7 Ne2 33.
Qg4+ Kf8 34. Qxe2 Kxe7 35. Qxc4 Qb4 36. Qc7+ Kf6 37. g3 a4 38. h4 a3 39. Qd8+ Kg7 40. Qa8 Qb2 41. Qa4 f5 42. Qd7+ Kg6 43. Qe6+ Kh5 44.
Qxf5# 1-0

[Event "Late-Titled-Tuesday-Blitz-May-14-2024"]
[Site "Chess.com"]
[Date "2024.05.14"]
[Round "3"]
[White "PabloZarnicki"]
[Black "Eloist"]
[Result "1-0"]
[WhiteElo "2558"]
[BlackElo "2424"]
[TimeControl "180+1"]
[EndTime "14:29:32 PDT"]
[Termination "PabloZarnicki won on time"]

1. e4 e6 2. d4 d5 3. Nd2 c5 4. Ngf3 cxd4 5. Nxd4 Nc6 6. Bb5 Bd7 7. Nxc6 bxc6 8. Bd3 Bd6 9. O-O Qc7 10. Nf3 Ne7 11. Re1 Ng6 12. Qe2 dxe4 13. Bxe4 O-O 14. g3 Rab8 15.
h4 f5 16. Bd3 Ne7 17. b3 Nd5 18. Bb2 Rbe8 19. Ne5 Bc8 20. a3 a5 21. c4 Nf6 22.
Rad1 c5 23. Bc2 Bb7 24. h5 Bxe5 25. Bxe5 Qc6 26. f3 Qxf3 27. Qxf3 Bxf3 28. Rd6 Be4 29.
Bd1 Rd8 30. h6 Rxd6 31. Bxd6 Rd8 32. Bxc5 Rd2 33. hxg7 Rg2+ 34. Kf1 Rxg3 35. b4 axb4 36. axb4 Rxg7 37. Bd4 Kf7 38. b5 Bd3+ 39. Be2 Bxe2+ 40. Rxe2 Rg4 41. Bxf6 Kxf6 42. Rc2 Ke7 43. c5 Kd7 44. c6+ 1-0

[Event "Late-Titled-Tuesday-Blitz-May-14-2024"]
[Site "Chess.com"]
[Date "2024.05.14"]
[Round "3"]
[White "MarceloPlaya"]
[Black "Romkachess"]
[Result "0-1"]
[WhiteElo "2325"]
[BlackElo "2587"]
[TimeControl "180+1"]
[EndTime "14:29:32 PDT"]
[Termination "Romkachess won on time"]

1. e4 c5 2. Nf3 d6 3. d4 cxd4 4. Nxd4 Nf6 5. Nc3 a6 6. Bg5 e6 7.
f4 Be7 8. Qf3 Qc7 9. O-O-O Nbd7 10. g4 h6 11. Bh4 g5 12. fxg5 Ne5 13. Qe2 Nfxg4 14. Kb1 hxg5 15. Bg3 Bd7 16. Nf3 O-O-O 17. h3 Nxf3 18. Qxf3 Nf6 19. Qe3 Nh5 20. Bf2 Bc6 21. Qa7 Qb8 22. Qb6 Nf6 23. Bxa6 Qc7 24. Qxc7+ Kxc7 25. Bd3 Nd7 26. b4 Ne5 27. b5 Bd7 28. b6+ Kb8 29.
Be2 Rc8 30. Kb2 Bc6 31. Rd4 Rhd8 32. a4 Bf6 33. Rb4 Be8 34. Bd4 Bh8 35. Bb5 Bxb5 36. axb5 Nc4+ 37. Rxc4 Rxc4 38. Bxh8 Rxh8 39. Kb3 Rc5 0-1

[Event "Late-Titled-Tuesday-Blitz-May-14-2024"]
[Site "Chess.com"]
[Date "2024.05.14"]
[Round "3"]
[White "rhwr"]
[Black "Javadovvv"]
[Result "0-1"]
[WhiteElo "2317"]
[BlackElo "2582"]
[TimeControl "180+1"]
[EndTime "14:29:32 PDT"]
[Termination "Javadovvv won by resignation"]

1. e4 e6 2. Nf3 d5 3. e5 c5 4. b4 cxb4 5. a3 b3 6. cxb3 Nc6 7. d4 Bd7 8. b4 Nge7 9. Bd3 Nf5 10. Bxf5 exf5 11. O-O Be7 12. Nc3 Be6 13. Bf4 O-O 14.
Qd2 Rc8 15. Rac1 Qd7 16. h4 Rfd8 17. g3 Nb8 18. Kg2 Rc4 19. Qe3 Rdc8 20. Nd2 R4c7 21. Nb3 b6 22. h5 h6 23. Qf3 Rc4 24. Qe3 Kh7 25. Nd2 R4c7 26. Qd3 Kg8 27. Nf3 Rc4 28.
Be3 a5 29. Nd2 R4c7 30. bxa5 bxa5 31. Ndb1 Rc4 32. Ne2 Qb5 33. Qd2 a4 34. Nec3 Qd7 35.
Ne2 R8c7 36. Nf4 Qc8 37. Rxc4 Rxc4 38. Qb2 Nc6 39. Nd2 Na5 40. Nxc4 Nxc4 41. Qb5 Bd7 42. Nxd5 Qc6 43. Qxc6 Bxc6 44. Rb1 Bxd5+ 45. Kf1 Nxa3 46. Rb8+ Kh7 47. Re8 Bb4 48. Rd8 Bc4+ 49. Kg2 Nb5 50. d5 a3 51. d6 a2 52. Ra8 Bd5+ 53. Kh3 Bxa8 54. d7 Be7 0-1

[Event "Late-Titled-Tuesday-Blitz-May-14-2024"]
[Site "Chess.com"]
[Date "2024.05.14"]
[Round "3"]
[White "IlyaGrigorjev"]
[Black "Orest_Vovk"]
[Result "0-1"]
[WhiteElo "2865"]
[BlackElo "2687"]
[TimeControl "180+1"]
[EndTime "14:29:33 PDT"]
[Termination "Orest_Vovk won by checkmate"]

1. c4 g5 2. d4 h6 3. e4 Bg7 4. h4 g4 5. Nc3 c5 6. d5 Bxc3+ 7. bxc3 d6 8. h5 Qa5 9. Bd2 Nf6 10. Bd3 Nbd7 11. Ne2 Ne5 12. Qc2 Nxd3+ 13. Qxd3 Qa4 14.
Ng3 Nd7 15. Bf4 Nb6 16. O-O Qxc4 17. Qe3 Bd7 18. Bxh6 O-O-O 19. Bg7 Rh7 20. h6 Rg8 21. Rfc1 Rhxg7 22. hxg7 Rxg7 23. Qh6 Rg8 24. Qh7 Re8 25. Qxf7 Qd3 26. Qf4 Nc4 27. Nf5 Bxf5 28. Qxf5+ Kd8 29. Qxg4 Ne5 30. Qg3 Qxe4 31. Re1 Qf5 32. Rab1 b6 33. a4 Rh8 34. Rbd1 Qh7 35. f3 Rg8 36. Qf4 Qh3 37.
Re2 Nxf3+ 38. Kf2 Rxg2+ 39. Ke3 Nd4+ 40. Kd2 Rxe2+ 41. Kc1 Qxc3+ 42. Kb1 Qb2# 0-1

[Event "Late-Titled-Tuesday-Blitz-May-14-2024"]
[Site "Chess.com"]
[Date "2024.05.14"]
[Round "3"]
[White "larsmandreassen"]
[Black "dealshark"]
[Result "1-0"]
[WhiteElo "2266"]
[BlackElo "2547"]
[TimeControl "180+1"]
[EndTime "14:29:33 PDT"]
[Termination "larsmandreassen won by resignation"]

1. d4 d5 2. Nf3 e6 3. c4 c5 4. cxd5 exd5 5. Nc3 Nc6 6. Bg5 Be7 7.
Bxe7 Ngxe7 8. e3 cxd4 9. Nxd4 O-O 10. Be2 Bd7 11. Bf3 Nxd4 12. Qxd4 Be6 13. Rd1 Qa5 14. O-O Rfd8 15. a3 Rac8 16. h3 h6 17. Rfe1 b5 18. Rd2 Nc6 19. Qh4 b4 20. axb4 Qxb4 21. Qxb4 Nxb4 22.
Red1 f5 23. Nxd5 Nxd5 24. Bxd5 Bxd5 25. Rxd5 Rxd5 26. Rxd5 g6 27. g3 Rc6 28. Rd8+ Kf7 29.
Rd7+ Kf6 30. Rxa7 Rc1+ 31. Kg2 Rc2 32. b4 Rb2 33. Ra6+ Kf7 34. Rb6 Rb3 35. h4 Kg7 36.
Kf3 g5 37. hxg5 hxg5 38. b5 Kf7 39. Rb7+ Ke6 40. b6 Ke5 41. Rb8 g4+ 42. Kg2 Kf6 43. Kf1 Rb2 44. Ke1 Kg7 45. b7 Rb6 46. Kd2 Rb2+ 47. Kd3 Rb1 48. Kd4 Rb5 49. Kc4 Rb1 50. Kd5 Rb5+ 51. Ke6 Kh7 52. Kf6 f4 53. exf4 Rb6+ 54.
Kg5 Rb5+ 55. Kxg4 Rb6 56. f5 Rb5 57. Kg5 1-0

[Event "Late-Titled-Tuesday-Blitz-May-14-2024"]
[Site "Chess.com"]
[Date "2024.05.14"]
[Round "3"]
[White "VacheH009"]
[Black "Masterisback04"]
[Result "1-0"]
[WhiteElo "2549"]
[BlackElo "2022"]
[TimeControl "180+1"]
[EndTime "14:29:35 PDT"]
[Termination "VacheH009 won on time"]

1. Nf3 g6 2. d4 Bg7 3. c4 Nf6 4. Nc3 d5 5. cxd5 Nxd5 6. Bd2 O-O 7. e4 Nb6 8. Be3 Bg4 9. Be2 Bxf3 10. gxf3 Nc6 11. d5 Ne5 12. Bd4 Rc8 13. f4 Ned7 14.
Bxg7 Kxg7 15. h4 h5 16. Bxh5 Rh8 17. Be2 c5 18. h5 Nf6 19. Qd3 e6 20. O-O-O exd5 21. exd5 Qd6 22. Qg3 Nbxd5 23. Nxd5 Nxd5 24. Kb1 Qe6 25. Bc4 Qe4+ 26. Bd3 Qxf4 27. Qg2 Nb4 28. Bxg6 Kf6 29.
Be4 Rcg8 30. Qf3 Qxf3 31. Bxf3 Rg5 32. h6 Rg6 33. Bxb7 Rgxh6 34. Rd6+ Kg7 35. Rg1+ Rg6 36. Rgxg6+ fxg6 37. Rd7+ Kf6 38. a3 1-0

[Event "Late-Titled-Tuesday-Blitz-May-14-2024"]
[Site "Chess.com"]
[Date "2024.05.14"]
[Round "3"]
[White "Cuchulin"]
[Black "Nick12772"]
[Result "1/2-1/2"]
[WhiteElo "2227"]
[BlackElo "2420"]
[TimeControl "180+1"]
[EndTime "14:29:35 PDT"]
[Termination "Game drawn - insufficient material"]

1. d4 Nf6 2. Bf4 g6 3. Nc3 d5 4. e3 Bg7 5. h4 h5 6. Be2 c5 7. Nf3 cxd4 8. exd4 Bg4 9. Ne5 Bxe2 10. Qxe2 Nc6 11. O-O-O Qa5 12. Qb5 Qxb5 13. Nxb5 O-O 14. f3 a6 15. Nc3 e6 16. g4 hxg4 17. Nxg4 Nxg4 18. fxg4 Nxd4 19. h5 gxh5 20. gxh5 Nf5 21. h6 Bxc3 22. h7+ Kh8 23. bxc3 f6 24. Rdg1 Rf7 25.
Rg6 Raf8 26. Bh6 Kxh7 27. Rxf6 Rxf6 28. Bxf8+ Kg6 29. Bc5 Ng3 30. Rg1 Rf1+ 31. Kd2 Rxg1 32. Bxg1 Kf5 33. Kd3 Ne4 34. c4 dxc4+ 35. Kxc4 Kf4 36.
Kd4 Kf3 37. Ke5 Nc3 38. Kxe6 Ke2 39. Kd7 b5 40. Kc6 Kd1 41. Kb6 Kxc2 42. Kxa6 Kb1 43. Bd4 Kxa2 44. Bxc3 Kb3 45. Ba5 b4 46. Bxb4 1/2-1/2

[Event "Late-Titled-Tuesday-Blitz-May-14-2024"]
[Site "Chess.com"]
[Date "2024.05.14"]
[Round "3"]
[White "Chessdude1987"]
[Black "noret"]
[Result "0-1"]
[WhiteElo "2363"]
[BlackElo "2106"]
[TimeControl "180+1"]
[EndTime "14:29:35 PDT"]
[Termination "noret won on time"]

1. e4 e5 2. Nf3 Nc6 3. d4 exd4 4. Nxd4 Bc5 5. Nxc6 Qf6 6. Qd2 dxc6 7. Nc3 Ne7 8. Bd3 O-O 9. O-O Ng6 10. Kh1 Ne5 11.
Na4 Bd6 12. f4 Nxd3 13. Qxd3 Qh4 14. e5 Be7 15. b3 f6 16. Bb2 fxe5 17. Bxe5 Bf5 18.
Qc3 Bf6 19. Nc5 b6 20. Na4 Rae8 21. Rae1 c5 22. Nb2 Bd7 23. Qc4+ Be6 24. Qe4 Bxe5 25. Qxe5 Bxb3 26. Qxe8 Rxe8 27. Rxe8+ Kf7 28. Rc8 Be6 29. Rxc7+ Kf6 30. f5 Bd5 31. Rd7 Qd4 32. Nd3 Bxg2+ 33. Kxg2 Qxd7 34. Nf4 Qc6+ 35. Kg3 Kxf5 36. Nd3+ Kg5 37.
h4+ Kh6 38. Nf4 Qd6 0-1

[Event "Late-Titled-Tuesday-Blitz-May-14-2024"]
[Site "Chess.com"]
[Date "2024.05.14"]
[Round "3"]
[White "Polish_fighter3000"]
[Black "AradNazari"]
[Result "1-0"]
[WhiteElo "3107"]
[BlackElo "2800"]
[TimeControl "180+1"]
[EndTime "14:29:38 PDT"]
[Termination "Polish_fighter3000 won by resignation"]

1. d4 Nf6 2. Bf4 d5 3. e3 e6 4.
Nf3 Bd6 5. Nbd2 c5 6. Bb5+ Nc6 7. c3 Bxf4 8. exf4 Qd6 9. g3 cxd4 10. Nxd4 Bd7 11. N4f3 Ne7 12. Bd3 Qb6 13. Qb3 Qc7 14. h4 h6 15. Qa3 Nc8 16. Ne5 Qd6 17. Qb3 Bc6 18. Ndf3 Ne7 19. O-O-O Nd7 20. Bb1 Nc5 21. Qb4 O-O 22. Rhe1 b6 23. h5 a5 24. Qd4 Rfc8 25. g4 Ba4 26. Rd2 f6 27. Ng6 Nc6 28. Qe3 b5 29. g5 b4 30. c4 b3 31. a3 Ne7 32.
gxf6 Nxg6 33. Bxg6 Ne4 34. Bxe4 Rxc4+ 35. Kb1 Rac8 36. Bd3 Rxf4 37. fxg7 Qc7 38. Qxe6+ Rf7 39. Ne5 Bb5 40. Qxf7+ Qxf7 41. Nxf7 Bxd3+ 42. Rxd3 Kxf7 43. Rg1 1-0

[Event "Late-Titled-Tuesday-Blitz-May-14-2024"]
[Site "Chess.com"]
[Date "2024.05.14"]
[Round "3"]
[White "Statham_01"]
[Black "Szparu"]
[Result "0-1"]
[WhiteElo "2619"]
[BlackElo "2869"]
[TimeControl "180+1"]
[EndTime "14:29:38 PDT"]
[Termination "Szparu won by resignation"]

1. e4 c5 2. a3 g6 3. Nf3 Bg7 4.
c3 d5 5. e5 d4 6. Bc4 Nc6 7.
O-O Nh6 8. Re1 O-O 9. d3 a6 10. Bg5 dxc3 11. Nxc3 Nf5 12. Ne4 b6 13. Rc1 Bb7 14.
e6 f6 15. Bf4 g5 16. Bg3 Ncd4 17. Nxd4 Nxd4 18. Qh5 Qe8 19. Qxe8 Rfxe8 20. Bc7 b5 21. Ba2 Rac8 22. Bb6 f5 23. Nxc5 Ba8 24. Kf1 Rc6 25. Nd7 Nc2 26. Bd5 Ne3+ 27. Bxe3 Rxc1 28. Rxc1 Bxd5 29. Bxg5 Bxb2 30. Rc5 Bxe6 31. Nb6 Bxa3 32. Re5 Kf7 33. d4 Rb8 34. d5 Rxb6 35. dxe6+ Rxe6 36. Rxf5+ Kg6 37. Rd5 Bd6 38. f4 Re4 39. h4 Kf7 40. Kf2 b4 41. Kf3 Rc4 42. Rf5+ Ke6 43. Ra5 b3 44.
f5+ Kf7 45. Rxa6 Rb4 46. Ra1 b2 47. Rb1 Be5 48. Bd2 Ra4 49. Re1 Ra1 50. f6 0-1

[Event "Late-Titled-Tuesday-Blitz-May-14-2024"]
[Site "Chess.com"]
[Date "2024.05.14"]
[Round "3"]
[White "Gangster-accountant01"]
[Black "schondeln"]
[Result "1/2-1/2"]
[WhiteElo "2571"]
[BlackElo "2357"]
[TimeControl "180+1"]
[EndTime "14:29:38 PDT"]
[Termination "Game drawn by repetition"]

1. c4 c6 2. Nc3 d5 3. cxd5 cxd5 4. d4 Nf6 5. g3 Nc6 6. Bg2 Bf5 7. Nf3 e6 8. O-O Bd6 9. a3 O-O 10. b4 h6 11. Re1 Rc8 12. Bd2 Ne4 13. Rc1 Nxd2 14. Qxd2 Qf6 15. e4 dxe4 16. Nxe4 Bxe4 17. Rxe4 Rfd8 18.
Qe3 Ne7 19. Ne5 Nf5 20. Qe1 Rxc1 21. Qxc1 Nxd4 22. Rxd4 Bxe5 23. Rxd8+ Qxd8 24. Bxb7 Qd4 25. Kg2 g6 26. Qxh6 Qb2 27. Qe3 Bd4 28. Qf3 Kg7 29.
h4 Bc3 30. Bc6 Qxa3 31. Be8 f5 32. Qb7+ Kf6 33. f4 Qa2+ 34. Kh3 e5 35. Qc6+ Qe6 36.
Qxc3 Qxe8 37. g4 fxg4+ 38. Kxg4 Qe6+ 39. Kg3 Qf5 40. Qc6+ Kg7 41. Qc7+ Kh6 42. Qxe5 Qd3+ 43. Kf2 Qd2+ 44. Kf3 Qd3+ 45. Kf2 Qd2+ 46. Kg3 Qd3+ 47. Kg4 Qd1+ 48. Kg3 Qd3+ 1/2-1/2

[Event "Late-Titled-Tuesday-Blitz-May-14-2024"]
[Site "Chess.com"]
[Date "2024.05.14"]
[Round "3"]
[White "Dhaydon19"]
[Black "KuzubovYuriy"]
[Result "0-1"]
[WhiteElo "2739"]
[BlackElo "2931"]
[TimeControl "180+1"]
[EndTime "14:29:39 PDT"]
[Termination "KuzubovYuriy won by checkmate"]

1. d4 Nf6 2. c4 e6 3. Nf3 d5 4.
cxd5 exd5 5. Nc3 c6 6. Bg5 Be7 7. Qc2 g6 8. e3 Bf5 9. Bd3 Bxd3 10. Qxd3 Nbd7 11. O-O O-O 12. Rab1 a5 13. Rfc1 Re8 14. Rc2 Ne4 15. Bxe7 Qxe7 16. Nd2 Nd6 17. a3 h5 18. h3 Kg7 19. Na4 Nf6 20. Nc5 a4 21. b3 axb3 22. Rxb3 b5 23. a4 bxa4 24.
Ra3 Nf5 25. Rxa4 Rxa4 26. Nxa4 Ra8 27. Nc5 Ra1+ 28. Nf1 Qa7 29. Nb3 Ra6 30. Rc1 Rb6 31. Nfd2 Nd6 32. Nc5 Qa2 33. Qc3 Rb2 34. Rd1 Rc2 35.
Qd3 Qb2 36. Rb1 Qa2 37. Rd1 Nc4 38. Ncb3 Nxd2 39. Nxd2 Qb2 40. Kf1 Ne4 41. Ke1 Nc3 42. g4 Nxd1 43. Kxd1 hxg4 44. hxg4 Qc1+ 45. Ke2 Rb2 46.
f4 Qg1 47. Kf3 Qh2 48. Nf1 Qf2# 0-1